 Dungeon Crawl Stone Soup version 0.29-a0-892-g2c4c91d9db (webtiles) character file.

Game seed: 5395619667210014738

2038 Aurophilus the Fighter (level 8, -5/80 HPs)
             Began as a Demigod Fighter on July 22, 2022.
             Engulfed by a cloud of flame (10 damage)
             ... on level 6 of the Dungeon.
             The game lasted 00:13:13 (6231 turns).

Aurophilus the Fighter (Demigod Fighter)            Turns: 6231, Time: 00:13:13

Health: -5/80      AC: 12    Str: 25    XL:     8   Next: 74%
Magic:  0/10       EV:  9    Int: 10    God:
Gold:   312        SH:  7    Dex: 13    Spells: 7/7 levels left

rFire   . . .      SeeInvis .   a - +1 war axe
rCold   . . .      Faith    .   c - +2 buckler
rNeg    . . .      Spirit   +   b - +0 scale mail
rPois   .          Reflect  .   j - +2 helmet
rElec   .          Harm     .   (no cloak)
rCorr   .          Rampage  .   n - +0 pair of gloves
Will    +....                   f - +0 pair of boots
Stlth   ..........              k - amulet of guardian spirit
HPRegen 0.23/turn               q - ring of willpower
MPRegen 0.12/turn               (no ring)

@: no status effects
A: high MP 1, forlorn, divine attributes
a: no special abilities


You were on level 6 of the Dungeon.
You visited 1 branch of the dungeon, and saw 6 of its levels.

You collected 312 gold pieces.

Inventory:

Hand Weapons
 a - a +1 war axe (weapon)
Armour
 b - a +0 scale mail (worn)
 c - a +2 buckler (worn)
 f - a +0 pair of boots (worn)
 j - a +2 helmet (worn)
 n - a +0 pair of gloves (worn)
Jewellery
 k - an amulet of guardian spirit (around neck)
 q - a ring of willpower (left hand)
Wands
 d - a wand of polymorph (4)
 g - a wand of acid (10)
 l - a wand of flame (38)
 o - a wand of mindburst (23)
 p - a wand of charming (3)
Scrolls
 e - a scroll of blinking
 h - 8 scrolls of teleportation
 i - a scroll of amnesia
 r - a scroll of magic mapping
 s - a scroll of identify
 t - a scroll of silence
 v - a scroll of fear {unknown}
Potions
 m - 2 potions of flight


   Skills:
 * Level 10.4 Fighting
 * Level 6.4 Axes
 * Level 4.8 Armour
 + Level 0.4 Stealth
 * Level 4.3 Shields


You had 7 spell levels left.
You didn't know any spells.
Your spell library contained the following spells:

 Spells                   Type           Power      Damage    Failure   Level
 Necrotise                Necr           0%         1d4       75%         1
 Ensorcelled Hibernation  Hex/Ice        0%         N/A       86%         2
 Passwall                 Tmut/Erth      0%         N/A       86%         2
 Portal Projectile        Hex/Tloc       0%         N/A       98%         3
 Swiftness                Air            0%         N/A       98%         3
 Tukima's Dance           Hex            0%         N/A       98%         3
 Vampiric Draining        Necr           0%         2d6       98%         3
 Corpse Rot               Necr/Pois/Air  0%         N/A       100%        4
 Dispel Undead            Necr           0%         3d6       100%        4
 Agony                    Necr           0%         N/A       100%        5
 Blade Hands              Tmut           0%         N/A       100%        5
 Death Channel            Necr           0%         N/A       100%        6


Dungeon Overview and Level Annotations

Branches:
Dungeon (6/15)
 Temple: D:4-7


Innate Abilities, Weirdness & Mutations

You have an increased reservoir of magic. (+10% MP)
You shall have no god before yourself.
Your divine heritage dramatically boosts your attributes as you level up.


Message History

You barely miss Prince Ribbit. Prince Ribbit hits you!
You miss Prince Ribbit. Prince Ribbit hits you. x2
You slash Prince Ribbit!
Prince Ribbit is moderately wounded.
Prince Ribbit hits you. Prince Ribbit hits you!
You are too injured to fight recklessly!
You are too injured to fight recklessly!
You are too injured to fight recklessly!
You are too injured to fight recklessly!
You are too injured to fight recklessly!
Okay, then.
Really read the scroll of immolation?
As you read the scroll of immolation, it crumbles to dust.
The creatures around you are filled with an inner flame!
Prince Ribbit closely misses you.
You closely miss Prince Ribbit.
Prince Ribbit is moderately wounded.
Prince Ribbit hits you! x2
* * * LOW HITPOINT WARNING * * *
You slash Prince Ribbit!
Flame seeps out of Prince Ribbit.
Prince Ribbit is heavily wounded.
Prince Ribbit is engulfed in blazing flames.
Flame seeps out of Prince Ribbit.
Prince Ribbit lets out a mournful croak.
Prince Ribbit blinks!
Prince Ribbit hits you but does no damage.
You closely miss Prince Ribbit.
Prince Ribbit is almost dead.
Prince Ribbit closely misses you.
You barely miss Prince Ribbit.
Prince Ribbit is almost dead.
Prince Ribbit catches a butterfly with his tongue.
Prince Ribbit blinks!
Prince Ribbit blinks!
You slice Prince Ribbit!!
Prince Ribbit explodes!
The fiery explosion engulfs you!!
* * * LOW HITPOINT WARNING * * *
You are engulfed in blazing flames.
You die...

#####..## ####
#........ #..
#.###..## #.#
#..# ###†####
#..#
#....).########
#..#
#...#..........
#..#
#..............
#..##
#...†#@#######.
#<... #...§§§#
.#.... #.#.§###
......
#####.#..#
###...
.........# #...
#####.##.# #.#
#... #. #.# #.#
#... # #.# #.#
##.. #.#
###.####..


There were no monsters in sight!

Vanquished Creatures
  Grinder (D:4)
  Prince Ribbit (D:6)
  2 water moccasins
  A black bear (D:4)
  An ice beast (D:6)
  An ogre (D:4)
  A phantom (D:6)
  A bullfrog (D:6)
  2 scorpions
  3 necrophages (D:5)
  4 wights (D:5)
  A howler monkey (D:6)
  A human zombie (D:5)
  A centaur zombie (D:5)
  4 orc priests
  4 hounds
  Natasha (thrice) (D:4)
  An iguana (D:5)
  A killer bee zombie (D:5)
  A mummy (D:5)
  A howler monkey zombie (D:5)
  Robin (D:2)
  3 adders
  2 ufetubi (D:5)
  2 worms
  6 dart slugs
  7 orcs
  6 ball pythons
  5 bats
  7 endoplasms
  12 goblins
  7 hobgoblins
  10 jackals
  3 kobolds (D:1)
  3 quokkas
  3 frilled lizards
  6 rats
119 creatures vanquished.

Notes
Turn   | Place    | Note
-------+----------+-------------------------------------------
     0 | D:1      | Aurophilus the Demigod Fighter began the quest for the Orb.
     0 | D:1      | Reached XP level 1. HP: 18/18 MP: 3/3
   184 | D:1      | Reached XP level 2. HP: 25/25 MP: 4/4
   672 | D:1      | Reached XP level 3. HP: 25/30 MP: 5/5
  1226 | D:2      | Reached skill level 3 in Fighting
  1245 | D:2      | Noticed Robin
  1252 | D:2      | Killed Robin
  1973 | D:2      | Reached skill level 10 in Fighting
  1973 | D:2      | Reached XP level 4. HP: 51/51 MP: 6/6
  2345 | D:3      | Reached XP level 5. HP: 58/58 MP: 7/7
  3413 | D:4      | Noticed Natasha
  3437 | D:4      | Killed Natasha
  3522 | D:4      | Noticed Natasha
  3531 | D:4      | Killed Natasha
  3543 | D:4      | Noticed Natasha
  3548 | D:4      | Noticed Grinder
  3556 | D:4      | Paralysed by Grinder for 2 turns
  3578 | D:4      | Killed Natasha
  3579 | D:4      | Reached XP level 6. HP: 41/66 MP: 6/8
  3591 | D:4      | Paralysed by Grinder for 5 turns
  3598 | D:4      | Killed Grinder
  3963 | D:4      | Reached XP level 7. HP: 46/72 MP: 6/9
  4546 | D:5      | Entered Level 5 of the Dungeon
  5238 | D:5      | Reached skill level 5 in Axes
  5383 | D:5      | Reached XP level 8. HP: 63/76 MP: 10/10
  6213 | D:6      | Noticed Prince Ribbit
  6231 | D:6      | Killed Prince Ribbit
  6231 | D:6      | Engulfed by a cloud of flame

Illustrated notes

Levels and vault maps discovered:
D:1:      dpeg_arrival_stone_temple_mockup, layout_basic,
          minmay_misc_feat_ornament, minmay_pentomino_u4
D:2:      layout_loops_ring, minmay_misc_feat_doors, uniq_robin
D:3:      layout_loops_ring, marbit_many_paths, basic_ecumenical_altar
D:4:      layout_rooms, nemelex_altar_shiori, lemuel_coloured_pillars_altar,
          grunt_qazlal_clouds, lemuel_doored_altar, kennysheep_okawaru_gauntlet,
          uniq_grinder, uniq_natasha
D:5:      layout_loops_ring, lemuel_mausoleum_altar_kikubaaqudgha
D:6:      layout_loops_ring, overflow_temple_1_default,
          chequers_serial_rivers_micro_d, uniq_prince_ribbit1

Skill      XL: |  1  2  3  4  5  6  7  8 |
---------------+-------------------------+-----
Armour         | 3 4 |  4.8
Axes           | 2 3 4 5 6 |  6.4
Fighting       | 10 | 10.4
Shields        | 3 4 |  4.3
Stealth        | |  0.4

Action                   |  1- 3 |  4- 6 |  7- 9 || total
-------------------------+-------+-------+-------++-------
Melee: War axe           |   131 |    92 |   197 ||   420
  Use: Scroll            |     4 |     5 |     4 ||    13
       Potion            |     1 |     5 |       ||     6
Armor: Scale mail        |    67 |    42 |    88 ||   197
       Skin              |       |     4 |       ||     4
Dodge: Dodged            |    61 |    42 |    81 ||   184
Block: Buckler           |    24 |    29 |    85 ||   138

Table legend: (Time is in decaauts)
 A = Elapsed time spent in this place.
 B = Non-inter-level travel time spent in this place.
 C = Inter-level travel time spent in this place.
 D = Time resting spent in this place.
 E = Time spent auto-exploring this place.
 F = Levels seen in this place.
 G = Mean time per level.
                   A        B        C        D        E       F      G
               +--------+--------+--------+--------+--------+-----+--------+
         Total |   6389 |   6243 |    146 |    799 |   4313 |   6 | 1064.8 |
       Dungeon |   6389 |   6243 |    146 |    799 |   4313 |   6 | 1064.8 |
               +--------+--------+--------+--------+--------+-----+--------+

Top non-repeatable levels by time:
     D:5: 1424 daAuts
     D:4: 1329 daAuts
     D:1: 1213 daAuts
     D:3: 1069 daAuts
     D:2: 1043 daAuts
     D:6: 308 daAuts
